 Dungeon Crawl Stone Soup version 0.30.0 (webtiles) character file.

Game seed: 6693904616809533980

68 workbot the Grave Robber (level 4, -2/30 HPs)
             Began as a Human Necromancer on May 5, 2023.
             Was a Follower of Fedhas.
             Succumbed to their own poison gas
             ... on level 3 of the Dungeon.
             The game lasted 00:10:24 (1963 turns).

workbot the Grave Robber (Human Necromancer)        Turns: 1963, Time: 00:10:24

Health: -2/30      AC:  4    Str:  8    XL:     4   Next: 41%
Magic:  3/8        EV: 12    Int: 18    God:    Fedhas [*.....]
Gold:   69         SH:  0    Dex: 13    Spells: 5/9 levels left

rFire   . . .        g - +0 short sword
rCold   . . .        (no shield)
rNeg    . . .        c - +0 robe {Will+}
rPois   .            (no helmet)
rElec   .            h - +1 cloak
rCorr   .            (no gloves)
SInv    .            (no boots)
Will    +....        (no amulet)
Stlth   ++           (no ring)
HPRegen 0.25/turn    (no ring)
MPRegen 0.11/turn

%: no passive effects
@: brilliant, lethally poisoned (-2 -> -38)
A: no striking features
a: Renounce Religion


You were on level 3 of the Dungeon.
You worshipped Fedhas.
Fedhas was aware of your devotion.
You visited 1 branch of the dungeon, and saw 3 of its levels.

You collected 69 gold pieces.

Inventory:

Hand Weapons
 g - a +0 short sword (weapon)
Armour
 c - a +0 robe of willpower (worn)
 h - a +1 cloak (worn)
Scrolls
 f - a scroll of poison (quivered)


   Skills:
 - Level 2.0 Dodging
 - Level 2.0 Stealth
 + Level 3.0 Spellcasting
 * Level 4.9 Necromancy


You had 5 spell levels left.
You knew the following spells:

 Your Spells              Type           Power      Damage    Failure   Level
a - Necrotise             Necr           100%       1d9       2%          1
b - Vampiric Draining     Necr           31%        2d8       6%          3

Your spell library contained the following spells:

 Spells                   Type           Power      Damage    Failure   Level
 Animate Dead             Necr           31%        N/A       22%         4
 Agony                    Necr           31%        N/A       52%         5


Dungeon Overview and Level Annotations

Branches:
Dungeon (3/15)

Altars:
Fedhas
Xom

Annotations:
D:2 1 runed translucent door, Crazy Yiuf


Message History

Confirm with . or Enter, or press ? or * to list all spells.
Aiming: Necrotise (safe; 2% risk of failure)
Press: ? - help, Shift-Dir - straight line, f/p - orc
Aim: an orc, wielding a +0 dagger (chance to affect: 93%)
You feel a surge of power!
Something writhes in agony.
Something hits you.
Casting: Necrotise (safe; 2% risk of failure)
Confirm with . or Enter, or press ? or * to list all spells.
Aiming: Necrotise (safe; 2% risk of failure)
Press: ? - help, Shift-Dir - straight line, f/p - orc
Aim: an orc, wielding a +0 dagger (chance to affect: 93%)
You feel a surge of power!
Something writhes in agony.
You hear some strange, mumbled words.
Something tries to affect you, but you resist.
Casting: Necrotise (safe; 2% risk of failure)
Confirm with . or Enter, or press ? or * to list all spells.
Aiming: Necrotise (safe; 2% risk of failure)
Press: ? - help, Shift-Dir - straight line, f/p - orc
Aim: an orc, wielding a +0 dagger (chance to affect: 93%)
You feel a surge of power!
Something writhes in agony.
Fedhas appreciates your contribution to the ecosystem.
Reactivating autopickup.
You feel a bit more experienced.
Your Spellcasting skill increases to level 3!
You have reached level 4!
You feel clever.
Casting: Necrotise (safe; 2% risk of failure)
Confirm with . or Enter, or press ? or * to list all spells.
Okay, then.
Unknown command.
Really walk into that cloud of poison gas? [Y]es or [N]o only, please.
Really walk into that cloud of poison gas?
You swap places.
You are engulfed in poison gas.
You are poisoned.
You feel very sick.
The orc barely misses your orc wizard skeleton.
You are engulfed in poison gas.
You are lethally poisoned!
* * * LOW HITPOINT WARNING * * *
You die...
Fedhas appreciates your contribution to the ecosystem.

#
##.##☼########
...§°☼.ooZ§@○#
##.§#§.#####§#
#o. #.# #..
#.# #.. #.#


#oo #.# #.. #.# #.. #.# #.# You could see 2 orcs and a friendly orc wizard
skeleton.

Vanquished Creatures
  An orc wizard (D:3)
  A worm (D:3)
  An endoplasm (D:1)
  4 giant cockroaches
  A goblin (D:1)
  8 hobgoblins
  2 jackals (D:2)
  A quokka (D:1)
  4 ball pythons (D:1)
  3 bats
  A kobold (D:1)
  9 rats
36 creatures vanquished.

Vanquished Creatures (collateral kills)
  A ball python (D:1)
1 creature vanquished.

Vanquished Creatures (others)
  A plant (D:1)
1 creature vanquished.

Grand Total: 38 creatures vanquished

Notes
Turn   | Place    | Note
-------+----------+-------------------------------------------
     0 | D:1      | workbot the Human Necromancer began the quest for the Orb.
     0 | D:1      | Reached XP level 1. HP: 13/13 MP: 3/3
    93 | D:1      | Reached XP level 2. HP: 19/19 MP: 3/5
   500 | D:1      | Found a faded altar of an unknown god.
   575 | D:1      | Prayed at the altar of an unknown god.
   575 | D:1      | Became a worshipper of Fedhas Madash
   575 | D:1      | Reached * piety under Fedhas
   784 | D:1      | Reached XP level 3. HP: 24/24 MP: 4/6
   788 | D:1      | Learned a level 3 spell: Vampiric Draining
  1106 | D:2      | Found a runed translucent door.
  1107 | D:2      | Noticed Crazy Yiuf
  1462 | D:2      | Found a shimmering altar of Xom.
  1962 | D:3      | Reached XP level 4. HP: 27/30 MP: 3/8
  1963 | D:3      | Succumbed to their own poison gas

Illustrated notes

Levels and vault maps discovered:
D:1:      lightli_arrival_quake, layout_loops_ring,
          shapermc_ecumenical_altar_ellora, serial_forest,
          infiniplex_forest_straight_1, infiniplex_forest_lined_3,
          infiniplex_forest_lined_room_2, infiniplex_forest_end_1,
          infiniplex_forest_straight_2
D:2:      layout_basic, basic_altar, corexii_hall_statues_s,
          uniq_crazy_yiuf_cottage
D:3:      layout_loops_ring, nzn_wu_jian_contemplation, grunt_ministairs_4,
          roderic_batcave, uniq_natasha

Skill      XL: |  1  2  3 |
---------------+----------+-----
Spellcasting   | 3 |  3.0
Dodging        | |  2.0
Stealth        | |  2.0
Necromancy     | |  4.9

Action                     |  1- 3 |  4- 6 || total
---------------------------+-------+-------++-------
  Melee: Dagger            |    16 |       ||    16
         Short sword       |    26 |       ||    26
   Cast: Necrotise         |    50 |       ||    50
         Vampiric Draining |     2 |       ||     2
    Use: Scroll            |     5 |       ||     5
         Potion            |     4 |       ||     4
 Armour: Robe              |     8 |       ||     8
  Dodge: Dodged            |    24 |       ||    24
